 Dungeon Crawl Stone Soup version 0.30-a0-883-g5ad918d77d (webtiles) character file.

Game seed: 9005995179879319030

35 lunkers the Digger (level 3, -14/26 HPs)
             Began as a Meteoran Earth Elementalist on Mar 17, 2023.
             Demolished by Crazy Yiuf
             ... wielding a +2 quarterstaff of chaos
              (15 damage)
             ... on level 2 of the Dungeon.
             The game lasted 00:02:20 (518 turns).

lunkers the Digger (Meteoran Earth Elementalist)     Turns: 518, Time: 00:02:21

Health: -14/26     AC:  3    Str:  9    XL:     3   Next: 76%
Magic:  5/8        EV: 12    Int: 18    God:
Gold:   84         SH:  0    Dex: 15    Spells: 7/8 levels left

rFire   . . .      SeeInvis .    (no weapon)
rCold   . . .      Faith    .    (no shield)
rNeg    . . .      Spirit   .    a - +0 robe
rPois   .          Reflect  .    (no helmet)
rElec   .          Rampage  .    (no cloak)
rCorr   .                        l - +0 pair of gloves
Will    .....                    (no boots)
Stlth   +                        (no amulet)
HPRegen 0.24/turn                (no ring)
MPRegen 0.11/turn                (no ring)

@: glowing
A: sense surroundings 1, otherworldly, glowing, explore regen
a: no special abilities


You were on level 2 of the Dungeon.
You visited 1 branch of the dungeon, and saw 2 of its levels.

You collected 84 gold pieces.

Inventory:

Hand Weapons
 i - a +1 whip of flaming
Armour
 a - a +0 robe (worn)
 l - a +0 pair of gloves (worn)
Scrolls
 c - 4 scrolls of identify {unknown}
 e - a scroll of amnesia {unknown}
 f - 2 scrolls of teleportation {unknown}
 g - a scroll of immolation {unknown}
 j - a scroll of fear {unknown}
 k - a scroll of enchant weapon {unknown}
Potions
 b - a potion of magic
 d - 2 potions of flight {unknown}
 h - a potion of attraction {unknown}


   Skills:
 - Level 2.4 Dodging
 - Level 1.4 Stealth
 + Level 3.4 Spellcasting
 - Level 1.2 Transmutations
 * Level 4.8 Earth Magic


You had 7 spell levels left.
You knew the following spells:

 Your Spells              Type           Power      Damage    Failure   Level
a - Sandblast             Erth           40%        2d10      2%          1

Your spell library contained the following spells:

 Spells                   Type           Power      Damage    Failure   Level
 Passwall                 Tmut/Erth      10%        N/A       7%          2
 Stone Arrow              Conj/Erth      22%        3d8       17%         3
 Petrify                  Tmut/Erth      13%        N/A       41%         4


Dungeon Overview and Level Annotations

Branches:
Dungeon (2/15) Zot: 660

Altars:

Shops:
D:2 [

Annotations:
D:2 Crazy Yiuf


Innate Abilities, Weirdness & Mutations

You passively map a small area around you.
You are easily found by Zot.
You glow in the dark.
You regain HP and MP as you explore.


Message History

The blast of sand hits the worm!
You kill the worm!
No target in view!
No target in view!
You see here a +0 hammer.
You see here a +0 hammer.
Found four hammers and a runed hammer.
Found a runed translucent door.
Found a hammer.
Crazy Yiuf shouts!
Crazy Yiuf says, "Peeping!
Race snail leg."
You see here a +0 hammer.
Found a hammer.
You see here a +1 hammer of draining.
You open the door.
Aiming: Sandblast (safe; 2% risk of failure)
Press: ? - help, Q - select action Shift-Dir - straight line, f - Crazy Yiuf
Aim: Crazy Yiuf, wielding a +2 quarterstaff of chaos and wearing a +0 cloak (85% to hit)
The blast of sand hits Crazy Yiuf!
Crazy Yiuf is heavily wounded.
Crazy Yiuf cries, "Mugger koolooloo return to song!"
Crazy Yiuf closely misses you. x2
Aiming: Sandblast (safe; 2% risk of failure)
Press: ? - help, Q - select action Shift-Dir - straight line, f/p - Crazy Yiuf
Aim: Crazy Yiuf, wielding a +2 quarterstaff of chaos and wearing a +0 cloak (heavily wounded, 85% to hit)
The blast of sand misses Crazy Yiuf.
Crazy Yiuf barely misses you.
Aiming: Sandblast (safe; 2% risk of failure)
Press: ? - help, Q - select action Shift-Dir - straight line, f/p - Crazy Yiuf
Aim: Crazy Yiuf, wielding a +2 quarterstaff of chaos and wearing a +0 cloak (heavily wounded, 85% to hit)
The blast of sand hits Crazy Yiuf!
Crazy Yiuf is almost dead.
Crazy Yiuf screams, "Goober fast arm!"
Crazy Yiuf hits you with a +2 quarterstaff of chaos!
* * * LOW HITPOINT WARNING * * *
Crazy Yiuf hits you with a +2 quarterstaff of chaos!
Ouch! That really hurt!
* * * LOW HITPOINT WARNING * * *
You are electrocuted!
Ouch! That really hurt!
You die...

#.!# , ,** ** #.# ,
#..# , , # ,* #.#
#..# #..####.##
#..### * *
#....†..). #.†#.
##.###..##
##...###♣♣♣♣♣
##.###..#
#....#...)♣.♣♣♣ ###
#.......#
,#.....PP)♣).♣#..)#
##.###.## ,
*,#.....P.♣♣♣♣@g)).#
#.###.# , *
#.#...P♣♣ ♣♣#.))#
#.##..# ,* ,#.####♣♣
### #.##.## #.#
##.##.# , #.###
#....># , ,#...##
### ###########...#
, ####.# #.#
#.............# *
#.# #.#
#.#.#######...# #.#
#.# #.#.# #...#


You could see Crazy Yiuf.

Vanquished Creatures
  A worm (D:2)
  A dart slug (D:2)
  4 ball pythons
  A bat (D:2)
  3 endoplasms
  2 giant cockroaches (D:1)
  A goblin (D:2)
  A hobgoblin (D:1)
  2 jackals (D:1)
  2 quokkas
  4 frilled lizards (D:1)
  3 kobolds
  2 rats
27 creatures vanquished.

Notes
Turn   | Place    | Note
-------+----------+-------------------------------------------
     0 | D:1      | lunkers the Meteoran Earth Elementalist began the quest for
                  | the Orb.
     0 | D:1      | Reached XP level 1. HP: 14/14 MP: 5/5
    25 | D:1      | Reached skill level 4 in Earth Magic
    25 | D:1      | Reached XP level 2. HP: 20/20 MP: 1/6
   233 | D:1      | Reached XP level 3. HP: 26/26 MP: 8/8
   445 | D:2      | Found Ovokihod's Armour Shoppe.
   511 | D:2      | Found a runed translucent door.
   512 | D:2      | Noticed Crazy Yiuf
   518 | D:2      | HP: 1/26 [Crazy Yiuf/+2 quarterstaff of chaos (14)]
   518 | D:2      | Demolished by Crazy Yiuf

Illustrated notes

Levels and vault maps discovered:
D:1:      saegor_arrival_miasma, layout_basic, st_stairs_9,
          hangedman_decor_growths, minmay_split_cup_small
D:2:      layout_loops_ring, basic_altar, serial_shops, shop,
          kennysheep_generic_room_8, uniq_crazy_yiuf_cottage

Skill      XL: |  1  2 |
---------------+-------+-----
Earth Magic    | 4 |  4.8
Spellcasting   | 3 |  3.4
Dodging        | |  2.4
Stealth        | |  1.4
Transmutations | |  1.2

Action                     || total
---------------------------++-------
   Cast: Sandblast         ||    41
 Armour: Robe              ||     1
  Dodge: Dodged            ||     7

Table legend: (Time is in decaauts)
 A = Elapsed time spent in this place.
 B = Non-inter-level travel time spent in this place.
 C = Inter-level travel time spent in this place.
 D = Time resting spent in this place.
 E = Time spent auto-exploring this place.
 F = Levels seen in this place.
 G = Mean time per level.
                   A        B        C        D        E       F      G
               +--------+--------+--------+--------+--------+-----+--------+
         Total |    537 |    532 |      5 |      0 |    363 |   2 |  268.5 |
       Dungeon |    537 |    532 |      5 |      0 |    363 |   2 |  268.5 |
               +--------+--------+--------+--------+--------+-----+--------+

Top non-repeatable levels by time:
     D:1: 384 daAuts
     D:2: 153 daAuts
